 Dungeon Crawl Stone Soup version 0.28.0-45-g0d030f2227 (webtiles) character file.

Game seed: 7761537152738949134

1171 CryoSword the Insei (level 8, 0/40 HPs)
             Began as a Vine Stalker Transmuter on Apr 23, 2022.
             Was an Initiate of Kikubaaqudgha.
             Slain by a two-headed ogre
             ... wielding a +0 giant club
              (15 damage)
             ... on level 5 of the Dungeon.
             The game lasted 00:11:23 (5909 turns).

CryoSword the Insei (Vine Stalker Transmuter)       Turns: 5909, Time: 00:11:24

Health: 0/40       AC:  8    Str: 18    XL:     8   Next: 41%
Magic:  0/15       EV: 11    Int: 15    God:    Kikubaaqudgha [......]
Gold:   229        SH:  0    Dex: 16    Spells: 8/15 levels left

rFire   . . .      SeeInvis .     - Unarmed
rCold   . . .      Faith    .   (no shield)
rNeg    . . .      Spirit   +   y - +0 ring mail
rPois   +          Reflect  .   (helmet currently unavailable)
rElec   .          Harm     .   r - +0 cloak
rCorr   .          Rampage  .   c - +1 pair of gloves
Will    +....                   (boots currently unavailable)
Stlth   ++........              (no amulet)
HPRegen 0.93/turn               b - +6 ring of strength
MPRegen 0.14/turn               o - ring of poison resistance

@: appendages, hasted, very quick
A: horns 2, talons 2, fangs 3, regeneration 1, magic shield, antimagic bite, no
potion heal 2
a: End Transformation, Renounce Religion


You were on level 5 of the Dungeon.
You worshipped Kikubaaqudgha.
Kikubaaqudgha was noncommittal.
You had temporarily grown beastly horns and talons.
You visited 2 branches of the dungeon, and saw 6 of its levels.
You also visited: Ossuary.

You collected 229 gold pieces.

Inventory:

Missiles
 i - 9 poisoned darts (quivered)
Armour
 c - a +1 pair of gloves (worn)
   (You found it on level 2 of the Dungeon)
 p - a +0 helmet (melded)
   (You took it off Robin on level 3 of the Dungeon)
 r - a +0 cloak (worn)
   (You took it off Crazy Yiuf on level 3 of the Dungeon)
 y - a +0 ring mail (worn)
   (You found it on level 5 of the Dungeon)
Jewellery
 b - a +6 ring of strength (left hand)
   (You found it on level 1 of the Dungeon)
 o - a ring of poison resistance (right hand)
   (You found it on level 4 of the Dungeon)
Scrolls
 d - 2 scrolls of noise {unknown}
 j - 2 scrolls of amnesia {unknown}
 k - a scroll of immolation {unknown}
 l - 3 scrolls of teleportation {@r4}
 q - 2 scrolls of magic mapping {unknown}
 s - 2 scrolls of enchant weapon
 t - a scroll of acquirement {unknown}
 u - 5 scrolls of fear
 x - 2 scrolls of torment {unknown}
Potions
 e - a potion of invisibility {unknown}
 f - 4 potions of curing {unknown}
 g - a potion of magic {unknown}
 h - 2 potions of attraction {!q}
 m - 2 potions of heal wounds {@q2}
 n - a potion of resistance {unknown}
 v - a potion of might {unknown}
 w - a potion of ambrosia {unknown}
 z - a potion of mutation {!q}


   Skills:
 + Level 3.4 Fighting
 - Level 1.5 Dodging
 + Level 4.8 Stealth
 * Level 5.8 Unarmed Combat
 + Level 4.4 Spellcasting
 + Level 5.2 Transmutations


You had 8 spell levels left.
You knew the following spells:

 Your Spells              Type           Power      Damage    Failure   Level
a - Beastly Appendage     Tmut           38%        N/A       3%          1
b - Wereblood             Tmut           19%        N/A       5%          2
c - Ice Form              Ice/Tmut       11%        N/A       71%         4

Your spell library contained the following spells:

 Spells                   Type           Power      Damage    Failure   Level
 Shock                    Conj/Air       12%        1d3       30%         1
 Spider Form              Tmut/Pois      11%        N/A       32%         3
 Swiftness                Air            3%         N/A       67%         3
 Airstrike                Air            1%         N/A       97%         4


Dungeon Overview and Level Annotations

Branches:
Dungeon (5/15)             Temple (1/1) D:4         Ossuary (visited)

Altars:
Ashenzari
Cheibriados
Dithmenos
Elyvilon
Fedhas
Gozag
Hepliaklqana
Kikubaaqudgha
Nemelex Xobeh
Okawaru
Qazlal
Ru
Sif Muna
Uskayaw
Vehumet
Wu Jian
Xom
Yredelemnul
The Shining One


Innate Abilities, Weirdness & Mutations

You have temporarily grown beastly horns and talons.
You have razor-sharp teeth.
Your natural rate of healing is unusually fast.
When hurt, damage is shared between your health and your magic reserves.
Your bite disrupts and absorbs the magic of your enemies.
Potions cannot restore your health.


Message History

An iguana comes into view.
An iguana is nearby!
An iguana is nearby!
Blork the orc comes into view.
He is wielding a +0 long sword.
The iguana hisses angrily.
Blork the orc shouts!
You hit the iguana but do no damage. You punch the iguana, but do no damage.
You bite the iguana. You drain its power. The iguana closely misses you.
You barely miss the iguana. You bite the iguana! You drain its power.
The iguana barely misses you.
You closely miss the iguana. Your bite misses the iguana.
The iguana barely misses you.
You hit the iguana but do no damage. Your bite misses the iguana.
Blork the orc looks encouraged for a moment.
You punch the iguana!
You kill the iguana!
Kikubaaqudgha accepts your kill.
Blork the orc hits you with a +0 long sword.
You hit Blork the orc.
Blork the orc miscasts a cantrip.
You hit Blork the orc. You bite Blork the orc.
Blork the orc's magic leaks into the air.
You drain his magic.
You feel invigorated.
Blork the orc falters for a moment.
You hit Blork the orc. You bite Blork the orc!
Blork the orc's magic leaks into the air.
You drain his magic.
Blork the orc hits you with a +0 long sword.
You punch Blork the orc!
You kill Blork the orc!
Kikubaaqudgha accepts your kill.
No target in view!
Things that are here:
a +0 long sword; a +0 robe
m - 2 potions of heal wounds {@q2} (gained 1)
Found 24 sling bullets.
Found an escape hatch in the floor.
You now have 229 gold pieces (gained 7).
u - 5 scrolls of fear (gained 1)
Found 10 stones.
Found an ornate altar of the Wu Jian Council.
h - 2 potions of attraction {!q} (gained 1)
A two-headed ogre is nearby!
A two-headed ogre is nearby!
A two-headed ogre is nearby!
A two-headed ogre is nearby!
Throw: 14 darts (poison)
Aim: a two-headed ogre, wielding two +0 giant clubs (wandering, hasn't noticed you, 75% to hit)
You throw a poisoned dart.
The poisoned dart hits the two-headed ogre.
The two-headed ogre is poisoned.
The two-headed ogre shouts in stereo!
Throw: 13 darts (poison)
Aim: a two-headed ogre, wielding two +0 giant clubs (poisoned, 75% to hit)
You throw a poisoned dart.
The poisoned dart hits the two-headed ogre.
The two-headed ogre looks even sicker.
Throw: 12 darts (poison)
Aim: a two-headed ogre, wielding two +0 giant clubs (very poisoned, 75% to hit)
You throw a poisoned dart.
The poisoned dart hits the two-headed ogre.
Throw: 11 darts (poison)
Aim: a two-headed ogre, wielding two +0 giant clubs (very poisoned, 75% to hit)
You throw a poisoned dart.
The poisoned dart hits the two-headed ogre.
The two-headed ogre looks even sicker.
You grow a pair of large bovine horns.
Your feet morph into talons.
Your +0 helmet melds into your body.
You punch the two-headed ogre! You claw the two-headed ogre.
You headbutt the two-headed ogre.
The two-headed ogre hits you with a +0 giant club!
The two-headed ogre closely misses you.
You hit the two-headed ogre. You headbutt the two-headed ogre!
The two-headed ogre hits you with a +0 giant club!!
* * * LOW HITPOINT WARNING * * *
The two-headed ogre hits you with a +0 giant club!!
* * * LOW HITPOINT WARNING * * *
Your transformation is almost over.
Your horns disappear.
Your talons disappear.
Your +0 helmet unmelds from your body.
You hit the two-headed ogre. You hit the two-headed ogre.
The two-headed ogre completely misses you.
The two-headed ogre hits you with a +0 giant club.
You hit the two-headed ogre.
You punch the two-headed ogre, but do no damage.
You bite the two-headed ogre. You drain its power.
You feel invigorated.
The two-headed ogre hits you with a +0 giant club!!
* * * LOW HITPOINT WARNING * * *
The two-headed ogre barely misses you.
Throw: 10 darts (poison)
Aim: a two-headed ogre, wielding two +0 giant clubs (heavily wounded, 75% to hit)
You throw a poisoned dart.
The poisoned dart closely misses the two-headed ogre.
You barely miss the two-headed ogre. The two-headed ogre barely misses you.
The two-headed ogre hits you with a +0 giant club.
You barely miss the two-headed ogre.
You punch the two-headed ogre, but do no damage.
The two-headed ogre barely misses you.
The two-headed ogre hits you with a +0 giant club!
You closely miss the two-headed ogre. You bite the two-headed ogre.
You drain its power.
You feel invigorated.
The two-headed ogre completely misses you.
The two-headed ogre hits you with a +0 giant club!
* * * LOW HITPOINT WARNING * * *
You see here a poisoned dart.
You see here a poisoned dart.
You barely miss the two-headed ogre.
The two-headed ogre hits you with a +0 giant club!!
The two-headed ogre barely misses you.
You see here a poisoned dart.
You feel yourself speed up.
You hit the two-headed ogre. You bite the two-headed ogre. You drain its power.
You feel invigorated.
The two-headed ogre hits you with a +0 giant club!!
* * * LOW HITPOINT WARNING * * *
The two-headed ogre hits you with a +0 giant club!
* * * LOW HITPOINT WARNING * * *
i - 10 poisoned darts (gained 1)
i - 11 poisoned darts (gained 1)
i - 12 poisoned darts (gained 1)
i - 13 poisoned darts (gained 1) Throw: 13 darts (poison)
Aim: a two-headed ogre, wielding two +0 giant clubs (heavily wounded, 75% to hit)
You throw a poisoned dart.
The poisoned dart hits the two-headed ogre.
The two-headed ogre is poisoned.
Throw: 12 darts (poison)
Aim: a two-headed ogre, wielding two +0 giant clubs (heavily wounded, poisoned, 75% to hit)
You throw a poisoned dart.
The poisoned dart hits the two-headed ogre.
The two-headed ogre looks even sicker.
Throw: 11 darts (poison)
Aim: a two-headed ogre, wielding two +0 giant clubs (heavily wounded, very poisoned, 75% to hit)
You throw a poisoned dart.
The poisoned dart closely misses the two-headed ogre.
Throw: 10 darts (poison)
Aim: a two-headed ogre, wielding two +0 giant clubs (heavily wounded, very poisoned, 75% to hit)
You throw a poisoned dart.
The poisoned dart hits the two-headed ogre.
The two-headed ogre looks even sicker.
You grow a pair of large bovine horns.
Your feet morph into talons.
Your +0 helmet melds into your body.
You hit the two-headed ogre. You claw the two-headed ogre!
You bite the two-headed ogre. You drain its power.
You feel invigorated.
You hit the two-headed ogre. You claw the two-headed ogre!
You headbutt the two-headed ogre, but do no damage.
The two-headed ogre hits you with a +0 giant club!
* * * LOW HITPOINT WARNING * * *
The two-headed ogre hits you with a +0 giant club!!
You die...
Kikubaaqudgha rasps: "You have failed me!
Welcome... death!"

..#....#...#...#..##.....##..#.#.
..#...##...#...#..#.......#....#.
.#.###.#...#...#..#..._........#.
###...#.#.#.#.#.#.#.......#......
.#....#.#.#.#.#.#.##.....##......
#.....#.#.#.#.#.#..##...##.....#.
#....#...#...#...#..#####......#.
#...##...#.>.#...#...............
.###.#...#...#..@#.............#.
#.....#.#.#.#.#.#O.#.#...........
......#.#.#.#.#.#(.#......#......
#.....#.#.#.#.#.#.(####...#...###
#......#...#...#...((.O.......#
#.....# ...#...#.#...[........#
.#.# #...#...#..............# ##
.#.#.#.#...............### .#
.#.#.#.#...........##.....


You could see a two-headed ogre (very poisoned).

Vanquished Creatures
  Menkaure (Ossuary)
  A water moccasin (D:4)
  A sky beast (D:5)
  A black bear (D:3)
  A centaur (D:5)
  2 phantoms
  Blork the orc (D:5)
  A bullfrog zombie (D:5)
  A gnoll shaman (D:3)
  Crazy Yiuf (D:3)
  An iguana (D:5)
  Natasha (thrice) (D:3)
  3 mummies (Ossuary)
  Robin (D:3)
  4 gnolls (D:4)
  4 adders (D:2)
  A white imp (D:5)
  2 adder zombies
  2 worms (D:2)
  A dart slug (D:2)
  An orc (D:4)
  8 bats
  7 endoplasms
  6 giant cockroaches
  13 goblins
  5 hobgoblins
  4 jackals
  A quokka (D:2)
  8 ball pythons
  4 frilled lizards
  8 gnoll skeletons (Ossuary)
  A gnoll zombie (Ossuary)
  3 goblin skeletons (Ossuary)
  9 goblin zombies (Ossuary)
  2 hobgoblin skeletons (Ossuary)
  5 hobgoblin zombies (Ossuary)
  2 kobolds
  5 kobold skeletons (Ossuary)
  2 kobold zombies (Ossuary)
  An orc skeleton (Ossuary)
  3 orc zombies (Ossuary)
  7 rats
  6 rat skeletons (Ossuary)
  5 rat zombies (Ossuary)
149 creatures vanquished.

Vanquished Creatures (others)
  2 fungi (D:3)
  5 withered plants (D:3)
7 creatures vanquished.

Grand Total: 156 creatures vanquished

Notes
Turn   | Place    | Note
-------+----------+-------------------------------------------
     0 | D:1      | CryoSword the Vine Stalker Transmuter began the quest for
                  | the Orb.
     0 | D:1      | Reached XP level 1. HP: 9/9 MP: 4/4
   240 | D:1      | Reached skill level 1 in Fighting
   387 | D:1      | Reached XP level 2. HP: 14/14 MP: 4/6
   605 | D:1      | Reached skill level 1 in Stealth
  1077 | D:2      | Reached XP level 3. HP: 12/18 MP: 5/7
  1615 | D:2      | Gained mutation: Your natural rate of healing is unusually
                  | fast. [Vine Stalker growth]
  1615 | D:2      | Reached XP level 4. HP: 22/22 MP: 7/9
  1618 | D:2      | Learned a level 2 spell: Wereblood
  1623 | D:2      | Learned a level 4 spell: Ice Form
  1797 | D:2      | Found a faded altar of an unknown god.
  1990 | D:3      | Noticed a black bear
  2023 | D:3      | Noticed Natasha
  2034 | D:3      | Killed Natasha
  2093 | D:3      | Reached XP level 5. HP: 26/26 MP: 8/10
  2128 | D:3      | Found a stormy altar of Qazlal.
  2443 | D:3      | Noticed Robin
  2490 | D:3      | Killed Robin
  2660 | D:3      | Killed a black bear
  2661 | D:3      | Reached XP level 6. HP: 27/30 MP: 7/11
  2678 | D:3      | Noticed Natasha
  2689 | D:3      | Killed Natasha
  2748 | D:3      | Noticed Natasha
  2766 | D:3      | Killed Natasha
  3103 | D:3      | Found a runed translucent door.
  3104 | D:3      | Noticed Crazy Yiuf
  3127 | D:3      | Killed Crazy Yiuf
  3255 | D:4      | Found a sand-covered staircase.
  3260 | Ossuary  | Entered an ossuary
  3554 | Ossuary  | Noticed Menkaure
  3563 | Ossuary  | Killed Menkaure
  3564 | Ossuary  | Reached XP level 7. HP: 23/35 MP: 7/13
  4210 | D:4      | Found a snail-covered altar of Cheibriados.
  4354 | D:4      | Identified the +6 trident of Quantum Leap {freeze, +Blink
                  | rElec rC++ Str-4}
  4460 | D:4      | Reached skill level 5 in Unarmed Combat
  4554 | D:4      | Found a staircase to the Ecumenical Temple.
  4563 | Temple   | Entered the Ecumenical Temple
  4718 | Temple   | Became a worshipper of Kikubaaqudgha
  5119 | D:5      | Entered Level 5 of the Dungeon
  5156 | D:5      | Gained mutation: You have razor-sharp teeth. [Vine Stalker
                  | growth]
  5156 | D:5      | Reached XP level 8. HP: 36/40 MP: 11/15
  5224 | D:5      | Reached skill level 5 in Transmutations
  5304 | D:5      | Noticed a two-headed ogre
  5540 | D:5      | Noticed Blork the orc
  5551 | D:5      | Killed Blork the orc
  5684 | D:5      | Found an ornate altar of the Wu Jian Council.
  5775 | D:5      | HP: 1/40 [two-headed ogre/+0 giant club (17)]
  5909 | D:5      | Slain by a two-headed ogre

Illustrated notes

Levels and vault maps discovered:
D:1:      sevenhm_arrival_forest_fort_small_5, layout_basic
D:2:      minmay_diamond_boxcup, layout_rooms, basic_ecumenical_altar,
          dk_noncrumbling_2
D:3:      layout_basic, nicolae_qazlal_general_emergency, serial_undead,
          serial_undead_e, serial_undead_a, serial_undead_f, serial_undead_b,
          item_on_display_a, uniq_robin, uniq_natasha, uniq_crazy_yiuf_cottage
D:4:      layout_loops_ring, mainiacjoe_overflow_brackets,
          lemuel_temple_firewalk_b, nicolae_ossuary_entry_false_entrances,
          kennysheep_generic_room_8
D:5:      nicolae_BIG_FREAKIN_CUBE, layout_basic, lemuel_round_altar,
          uniq_edmund, uniq_blork_the_orc
Temple:   regret_index_temple_sphere_string

Skill      XL: |  1  2  3  4  5  6  7  8 |
---------------+-------------------------+-----
Fighting       | 1 2 3 |  3.4
Stealth        | 1 2 3 4 |  4.8
Transmutations | 3 4 5 |  5.2
Spellcasting   | 3 4 |  4.4
Unarmed Combat | 4 5 |  5.8
Dodging        | |  1.5

Action                   |  1- 3 |  4- 6 |  7- 9 || total
-------------------------+-------+-------+-------++-------
Melee: Unarmed           |    64 |   194 |   161 ||   419
       Kick              |    12 |    27 |    12 ||    51
       Headbutt          |    13 |    10 |     6 ||    29
       Bite              |     9 |    49 |    46 ||   104
       Punch             |     3 |     5 |    10 ||    18
Throw: Dart              |       |     3 |     9 ||    12
 Cast: Beastly Appendage |    22 |    16 |     5 ||    43
       Wereblood         |       |     3 |     1 ||     4
  Use: Scroll            |     2 |       |     7 ||     9
       Potion            |       |       |     1 ||     1
 Stab: Sleeping          |     3 |     3 |     2 ||     8
Armor: Robe              |    20 |    52 |    19 ||    91
       Ring mail         |       |       |    21 ||    21
Dodge: Dodged            |    41 |    80 |    80 ||   201
